 Dungeon Crawl Stone Soup version 0.31-a0-1620-gcbf77bbcfc (webtiles) character file.

Game seed: 31703106308776455

6 Xavori the Trooper (level 2, -3/25 HPs)
             Began as a Djinni Chaos Knight on Jan 11, 2024.
             Was a Plaything of Xom.
             Slain by a gnoll
             ... wielding a +0 spear
              (6 damage)
             ... on level 1 of the Dungeon.
             The game lasted 00:00:09 (137 turns).

Xavori the Trooper (Djinni Chaos Knight)             Turns: 137, Time: 00:00:09

Health: -3/25      AC:  5    Str: 11    XL:     2   Next: 0%
Gold:   0          EV: 11    Int: 13    God:    Xom [..*...] SH:  0 Dex: 12

rFire   + + .        a - +0 falchion (chaos)
rCold   x . .        (no shield)
rNeg    . . .        b - +2 leather armour
rPois   ∞            (no helmet)
rElec   .            (no cloak)
rCorr   .            (no gloves)
SInv    .            (boots unavailable)
Will    .....        (no amulet)
Stlth   +            (no ring)
HPRegen 0.24/turn    (no ring)
MPRegen 0.00/turn

%: infuse magic (-4 HP)
@: flying
A: sickness immunity, fire resistance 2, cold vulnerability 1, float, innate
caster, HP casting, extra vitality 1
a: Renounce Religion


You were on level 1 of the Dungeon.
You worshipped Xom.
You were a toy of Xom.
You visited 1 branch of the dungeon, and saw 1 of its levels.

Inventory:

Hand Weapons
 a - a +0 falchion of chaos (weapon)
Armour
 b - a +2 leather armour (worn)
Scrolls
 c - a scroll of butterflies


   Skills:
 + Level 3.0 Fighting
 + Level 2.7 Long Blades
 + Level 1.1 Armour
 + Level 2.2 Dodging
 * Level 0.2 Spellcasting
 * Level 0.2 Conjurations
 * Level 0.2 Hexes
   Level 0.0 Charms
 * Level 0.2 Summonings
 * Level 0.2 Necromancy
 * Level 0.2 Translocations
   Level 0.0 Transmutations
 * Level 0.2 Fire Magic
 * Level 0.2 Ice Magic
 * Level 0.2 Air Magic
 * Level 0.2 Earth Magic
 * Level 0.2 Alchemy You didn't know any spells. Your spell library was empty.

Dungeon Overview and Level Annotations

Branches:
Dungeon (1/15)

Altars:


Innate Abilities, Weirdness & Mutations

You are immune to sickness and miasma.
You are immune to poison.
Your flesh is very heat resistant. (rF++)
You are vulnerable to cold. (rC-)
You float through the air rather than walking.
You learn spells naturally, not from books.
Your magical power is your life essence.
You have superior vitality. (+4 MHP)


Message History

A quokka comes into view.
You see here a murky coppery potion.
Found 5 gold pieces.
There are monsters nearby!
A gnoll and a bat come into view.
Found a scroll labelled RIUSSI FONOI.
The gnoll shouts!
There are monsters nearby!
You closely miss the bat. The bat hits you but does no damage.
There are monsters nearby!
You hit the quokka but do no damage. The bat hits you but does no damage.
The bat closely misses you. The quokka bites you. The quokka barely misses you.
You hit the quokka. You freeze the quokka.
The quokka is moderately wounded.
The quokka barely misses you. The bat hits you.
You hit the quokka.
You kill the quokka!
The bat closely misses you. The rat bites you but does no damage.
The rat completely misses you.
The gnoll hits you from afar with a +0 spear.
A shower of butterflies erupts from you!
Unknown command.
Unknown command.
You hit the rat.
You kill the rat!
The bat barely misses you.
The gnoll hits you from afar with a +0 spear.
You have reached level 2!
You are too injured to fight recklessly!
You are too injured to fight recklessly!
Unknown command.
The bat closely misses you.
The gnoll hits you from afar with a +0 spear.
* * * LOW HITPOINT WARNING * * *
The bat hits you but does no damage. The bat misses you.
The gnoll hits you with a +0 spear.
* * * LOW HITPOINT WARNING * * *
You hit the gnoll but do no damage. The bat hits you but does no damage. x2
The gnoll hits you with a +0 spear.
You die...

... ... # #.# #.. ## #.
#.# #.#####.
###.#####.#### #......
#.....b.... #.# ##.....
#.......#.# ..###.#####
#.......#.## #.#)##
.....(....!#####..######
#.....b@#.........##.>..
.?..b..g##b#########.###
........##.# #.#
....$..###.# #####.###
....... ... #........
....... ####....♣♣.♣♣.:
....... #.. ♣♣.♣♣♣♣
....... > ♣♣♣∩.∩♣♣♣
♣♣∩.....∩♣


You could see a gnoll (ally target) and a bat.

Vanquished Creatures
  A ball python (D:1)
  2 endoplasms (D:1)
  A quokka (D:1)
  A rat (D:1)
5 creatures vanquished.

Notes
Turn   | Place    | Note
-------+----------+-------------------------------------------
     0 | D:1      | Xavori the Djinni Chaos Knight began the quest for the Orb.
     0 | D:1      | Reached XP level 1. HP: 20/20 MP: 0/0
    36 | D:1      | XOM: silly message
   132 | D:1      | XOM: butterfly on damage
   134 | D:1      | Reached XP level 2. HP: 9/25 MP: 0/0
   137 | D:1      | Slain by a gnoll

Illustrated notes

Levels and vault maps discovered:
D:1:      heliophobic_arrival_henge, layout_loops_ring, minmay_pentomino_z4

Action                     || total
---------------------------++-------
  Melee: Falchion          ||    13
 Armour: Leather armour    ||    17
  Dodge: Dodged            ||     9

Table legend: (Time is in decaauts)
 A = Elapsed time spent in this place.
 B = Non-inter-level travel time spent in this place.
 C = Inter-level travel time spent in this place.
 D = Time resting spent in this place.
 E = Time spent auto-exploring this place.
 F = Levels seen in this place.
 G = Mean time per level.
                   A        B        C        D        E       F      G
               +--------+--------+--------+--------+--------+-----+--------+
         Total |    139 |    139 |      0 |      0 |    107 |   1 |  139.0 |
       Dungeon |    139 |    139 |      0 |      0 |    107 |   1 |  139.0 |
               +--------+--------+--------+--------+--------+-----+--------+

Top non-repeatable levels by time:
     D:1: 139 daAuts
